 Dungeon Crawl Stone Soup version 0.29-a0-284-gf9362112df (webtiles) character file.

Game seed: 15384586702407924317

13 GigaChad the Chopper (level 2, 0/22 HPs)
             Began as a Demonspawn Gladiator on Mar 30, 2022.
             Succumbed to a kobold's poison
             ... on level 1 of the Dungeon.
             The game lasted 00:02:44 (446 turns).

GigaChad the Chopper (Demonspawn Gladiator)          Turns: 446, Time: 00:02:44

Health: 0/22       AC:  4    Str: 14    XL:     2   Next: 24%
Magic:  2/2        EV: 12    Int:  9    God:
Gold:   10         SH:  0    Dex: 16    Spells: 1/1 levels left

rFire   . . .      SeeInvis .   a - +0 war axe
rCold   . . .      Faith    .   (no shield)
rNeg    . . .      Spirit   .   b - +0 leather armour
rPois   .          Reflect  .   c - +0 helmet
rElec   .          Harm     .   (no cloak)
rCorr   .          Rampage  .   (no gloves)
Will    .....                   (no boots)
Stlth   ++........              (no amulet)
HPRegen 0.07/turn               (no ring)
MPRegen 0.08/turn               (no ring)

@: lethally poisoned (0 -> -15)
A: thin skeletal structure 1
a: no special abilities


You were on level 1 of the Dungeon.
You visited 1 branch of the dungeon, and saw 1 of its levels.

You collected 10 gold pieces.

Inventory:

Hand Weapons
 a - a +0 war axe (weapon)
 f - a +0 short sword
Missiles
 d - 3 throwing nets (quivered)
 e - a javelin
Armour
 b - a +0 leather armour (worn)
 c - a +0 helmet (worn)
Potions
 g - a potion of brilliance {unknown}
 i - a potion of curing


   Skills:
 + Level 2.0 Fighting
 + Level 3.0 Axes
 + Level 1.8 Throwing
 + Level 0.1 Armour
 + Level 2.9 Dodging
 + Level 0.1 Stealth


You had one spell level left.
You didn't know any spells.
Your spell library was empty.

Dungeon Overview and Level Annotations

Branches:
Dungeon (1/15)

Altars:


Innate Abilities, Weirdness & Mutations

You have a somewhat thin skeletal structure. (Dex +2, Stealth+)


Message History

As you read the scroll labelled FUODAPAVVE, it crumbles to dust.
You speak a Word of immense power!
You are blasted by holy energy!
It was a scroll of holy word.
As you read the scroll labelled BAOHUJU INKIDE, it crumbles to dust.
It is a scroll of identify.
i - a potion of curing You open the door.
A ball python comes into view.
There is an open door here.
The helpless ball python fails to defend itself.
You slash the ball python!
You kill the ball python!
You feel your willpower return.
A hobgoblin comes into view.
Found 10 gold pieces and a Young Poisoner's Handbook.
A goblin and 2 kobolds come into view.
A kobold is wielding a +0 dagger of venom.
The kobold shouts!
The hobgoblin shouts!
The kobold shouts!
A frilled lizard comes into view.
The kobold moves out of view.
The goblin shouts!
You closely miss the hobgoblin.
The hobgoblin hits you but does no damage. x2
You hit the hobgoblin but do no damage. The hobgoblin hits you.
You hit the hobgoblin but do no damage. The kobold hits you but does no damage.
You are poisoned.
The goblin barely misses you. The hobgoblin hits you.
You closely miss the kobold. You closely miss the hobgoblin.
You closely miss the goblin.
You feel very sick. The goblin hits you but does no damage.
The hobgoblin hits you.
* * * LOW HITPOINT WARNING * * *
The kobold barely misses you. The goblin hits you but does no damage.
The hobgoblin barely misses you. The kobold hits you but does no damage.
You are more poisoned.
* * * LOW HITPOINT WARNING * * *
You feel very sick.
The hobgoblin hits you but does no damage.
You die...

#l.#..... # .##:⌠$## #
.....# .#### # .##.. ...# #
.#.#####.#############
.......>............. #.#
#...........#...
##.####K####...........#..#
#......Kg.@............#..#
#######.#g....##+#######..#
#######.#.....##.# ###....#
#.......'......... .......
######.##.....##.# #.....
#.######.##.# #..... #.#
#.##.# #..... #.#
##.##.#####..... #.#
#.........+.....


You could see a hobgoblin, a goblin and 2 kobolds.

Vanquished Creatures
  A dart slug (D:1)
  An endoplasm (D:1)
  2 goblins (D:1)
  A hobgoblin (D:1)
  3 ball pythons (D:1)
  3 bats (D:1)
11 creatures vanquished.

Notes
Turn   | Place    | Note
-------+----------+-------------------------------------------
     0 | D:1      | GigaChad the Demonspawn Gladiator began the quest for the
                  | Orb.
     0 | D:1      | Reached XP level 1. HP: 16/16 MP: 1/1
   276 | D:1      | Reached skill level 3 in Axes
   276 | D:1      | Gained mutation: You have a somewhat thin skeletal
                  | structure. (Dex +2, Stealth+) [demonic ancestry]
   276 | D:1      | Reached XP level 2. HP: 11/22 MP: 2/2
   446 | D:1      | Succumbed to a kobold's poison

Illustrated notes

Levels and vault maps discovered:
D:1:      minmay_arrival_loop, layout_basic, minmay_tromino_v4_c

Skill      XL: |  1 |
---------------+----+-----
Axes           | 3 |  3.0
Fighting       | |  2.0
Throwing       | |  1.8
Armour         | |  0.1
Dodging        | |  2.9
Stealth        | |  0.1

Action                   || total
-------------------------++-------
Melee: War axe           ||    23
  Use: Scroll            ||     3
 Stab: Sleeping          ||     1
Armor: Leather armour    ||    12
Dodge: Dodged            ||    26

Table legend: (Time is in decaauts)
 A = Elapsed time spent in this place.
 B = Non-inter-level travel time spent in this place.
 C = Inter-level travel time spent in this place.
 D = Time resting spent in this place.
 E = Time spent auto-exploring this place.
 F = Levels seen in this place.
 G = Mean time per level.
                   A        B        C        D        E       F      G
               +--------+--------+--------+--------+--------+-----+--------+
         Total |    454 |    454 |      0 |      0 |      0 |   1 |  454.0 |
       Dungeon |    454 |    454 |      0 |      0 |      0 |   1 |  454.0 |
               +--------+--------+--------+--------+--------+-----+--------+

Top non-repeatable levels by time:
     D:1: 454 daAuts
